AoeStats
← WENDIGO

Arena

508596729Analyzed
4v4 RM · 8d ago on Sep 23, 2026· 60m 46s· 8 players
Game mode
Random Map
Map size
Large (8 player)
Population
200
Speed
Normal
Resources
Standard
Victory
Conquest
Starting age
Dark Age
Ending age
Imperial Age
RankedLock teamsTeams togetherTeam positionsShared explorationLock speedFull tech treeHidden civsTurbo modeCheats
Victory
Defeat
🇲🇽 Britons · Mexico
946
+15
🇺🇸 Bohemians · United States
939
+15
🇲🇽 Saracens · Mexico
928
+16
🇨🇴 Goths · Colombia
915
+16
🇵🇪 Burmese · Peru
994
-19
🇵🇪 Portuguese · Peru
934
-16
🇪🇨 Spanish · Ecuador
894
-14
🇨🇳 Danes · China
872
-13
reyangel141
11:32 Feudal Age
15:30 Castle Age
13:36 Horse Collar
13:44 Double-Bit Axe
16:35 Wheelbarrow
16:25 Heavy Plow
17:12 Bow Saw
21:46 Hand Cart
21:55 Loom
22:53 Caravan
24:43 Fletching
29:33 Imperial Age
27:49 Padded Archer Armor
29:49 Gold Mining
31:37 Chemistry
30:44 Siege Engineers
30:29 Town Watch
30:41 Bodkin Arrow
31:05 Husbandry
32:07 Gold Shaft Mining
31:24 Stone Mining
32:36 Two-Man Saw
32:03 Bracer
32:24 Leather Archer Armor
32:15 Scale Barding Armor
32:21 Forging
33:34 Ballistics
33:26 Masonry
34:04 Onager
35:31 Ring Archer Armor
36:03 Siege Onager
37:01 Town Patrol
37:36 Conscription
38:14 Chain Barding Armor
38:29 Iron Casting
39:02 Counterweights
39:00 Elite Mameluke
40:16 Hoardings
41:50 Plate Barding Armor
42:15 Blast Furnace
41:40 Elite Skirmisher
43:56 Bloodlines
Ja1r
0:37 Loom
12:16 Feudal Age
12:38 Man-at-Arms
13:23 Double-Bit Axe
19:06 Castle Age
17:15 Horse Collar
18:11 Scale Mail Armor
19:06 Forging
20:03 Bow Saw
22:43 Heavy Plow
24:12 Wheelbarrow
24:07 Gold Mining
26:02 Hand Cart
25:55 Squires
26:12 Chain Mail Armor
26:14 Anarchy
31:32 Imperial Age
28:28 Long Swordsman
31:47 Elite Huskarl
33:40 Iron Casting
33:31 Conscription
35:45 Pikeman
37:19 Halberdier
58:00 Elite Skirmisher
WENDIGO
5:52 Loom
10:55 Feudal Age
11:26 Double-Bit Axe
13:58 Wheelbarrow
16:19 Wheelbarrow
17:06 Fletching
17:41 Gold Mining
17:55 Padded Archer Armor
18:31 Horse Collar
19:02 Scale Mail Armor
20:04 Forging
22:54 Castle Age
23:43 Bodkin Arrow
23:54 Squires
23:56 Heavy Plow
25:14 Bow Saw
25:36 Leather Archer Armor
25:35 Fervor
26:26 Gold Shaft Mining
26:08 Herbal Medicine
26:39 Hand Cart
27:33 Chain Mail Armor
27:43 Stone Mining
28:21 Pikeman
29:19 Town Watch
30:32 Yeomen
30:36 Caravan
31:13 Iron Casting
31:24 Murder Holes
33:18 Ballistics
33:07 Town Patrol
36:28 Imperial Age
34:40 Treadmill Crane
35:12 Masonry
35:26 Fortified Wall
38:12 Chemistry
36:45 Halberdier
37:31 Bracer
38:58 Two-Man Saw
38:36 Conscription
39:54 Ring Archer Armor
40:12 Elite Longbowman
45:46 Blast Furnace
47:53 Siege Engineers
52:08 Warwolf
n2844522
10:25 Feudal Age
15:36 Castle Age
14:05 Double-Bit Axe
16:18 Scale Mail Armor
16:41 Forging
18:18 Horse Collar
18:50 Fletching
20:22 Bodkin Arrow
20:49 Loom
30:52 Imperial Age
31:03 Chemistry
31:10 Padded Archer Armor
31:24 Bow Saw
32:43 Leather Archer Armor
34:16 Ring Archer Armor
34:15 Chain Mail Armor
38:13 Wheelbarrow
44:01 Pikeman
44:18 Elite Skirmisher
46:06 Hand Cart
46:00 Capped Ram
49:11 Iron Casting
48:25 Town Watch
52:20 Bracer
55:40 Plate Mail Armor
55:13 Squires
57:40 Blast Furnace
57:44 Two-Man Saw
56:51 Heavy Plow
56:27 Halberdier
58:06 Masonry
60:24 Architecture
60:30 Ballistics
Pato
7:53 Loom
9:55 Feudal Age
14:15 Castle Age
12:10 Double-Bit Axe
12:38 Horse Collar
15:53 Wheelbarrow
16:04 Bow Saw
22:48 Hand Cart
23:15 Heavy Plow
29:20 Imperial Age
28:44 Caravan
29:01 Bloodlines
28:51 Husbandry
29:04 Forging
28:59 Scale Barding Armor
30:23 Iron Casting
29:25 Cavalier
30:47 Chain Barding Armor
30:27 Gold Mining
32:15 Blast Furnace
31:51 Plate Barding Armor
32:27 Two-Man Saw
32:58 Paladin
35:48 Conscription
36:40 Town Watch
38:08 Town Patrol
40:42 Scale Mail Armor
41:58 Light Cavalry
47:01 Chemistry
46:21 Ballistics
46:12 Hussar
46:26 Elite Conquistador
47:28 Supremacy
55:15 Fletching
55:26 Padded Archer Armor
55:50 Bodkin Arrow
SunTzu_Player
10:09 Feudal Age
18:29 Castle Age
17:16 Stone Mining
17:08 Horse Collar
21:56 Loom
28:43 Imperial Age
32:05 Murder Holes
33:58 Chemistry
35:57 Scale Barding Armor
35:44 Fletching
42:46 Caravan
42:25 Elite Arambai
43:06 Manipur Cavalry
42:35 Light Cavalry
43:56 Ballistics
43:47 Fortified Wall
46:15 Heavy Plow
hlsg20002000
11:00 Feudal Age
12:37 Wheelbarrow
13:56 Gold Mining
14:09 Double-Bit Axe
19:14 Castle Age
19:31 Fletching
21:39 Padded Archer Armor
22:41 Loom
24:23 Bodkin Arrow
29:11 Imperial Age
27:06 Bow Saw
29:10 Hand Cart
31:29 Husbandry
30:49 Cavalier
34:17 Circumnavigation
35:59 Chemistry
35:20 Ballistics
37:11 Forging
37:03 Scale Mail Armor
37:19 Leather Archer Armor
37:04 Bracer
44:01 Masonry
43:23 Pikeman
44:23 Chain Mail Armor
44:14 Scale Barding Armor
44:39 Ring Archer Armor
44:45 Iron Casting
46:23 Onager
49:55 Capped Ram
51:09 Plate Mail Armor
51:39 Blast Furnace
51:21 Bombard Tower
51:32 Architecture
50:43 Treadmill Crane
50:55 Guard Tower
51:16 Fortified Wall
51:01 Murder Holes
51:18 Careening
51:02 Heated Shot
52:24 Arquebus
JOE
0:28 Loom
11:24 Feudal Age
20:24 Castle Age
18:23 Horse Collar
19:05 Double-Bit Axe
19:28 Stone Mining
19:28 Gold Mining
21:03 Wheelbarrow
25:04 Bow Saw
24:57 Heavy Plow
25:54 Hamask
27:24 Hand Cart
31:50 Scale Mail Armor
32:01 Forging
32:21 Arson
32:37 Squires
32:23 Gambesons
36:12 Imperial Age
36:31 Chain Mail Armor
36:52 Iron Casting
37:21 Conscription
38:46 Masonry
41:02 Plate Mail Armor
41:33 Blast Furnace
40:17 Northmen's Fury
40:39 Elite Varangian Guard
41:43 Elite Jomsviking
43:57 Heavy Scorpion
Connection lost

Rejoining the realm…

Still unreachable

The connection could not be restored.

Session expired

The server has moved on; the page needs a fresh start.